 Dungeon Crawl Stone Soup version 0.31.0-12-g77e489cdc1 (webtiles) character file.

Game seed: 125287159959138983

1464 lordive the Firebug (level 8, -1/50 (57) HPs)
             Began as a Demonspawn Fire Elementalist on Feb 29, 2024.
             Slain by a wight
             ... wielding a +2 flail of freezing
              (10 damage)
             ... on level 7 of the Dungeon.
             The game lasted 00:14:51 (6104 turns).

lordive the Firebug (Demonspawn Fire Elementalist)  Turns: 6104, Time: 00:14:52

HP:   -1/50 (57)    AC:  4    Str: 10    XL:     8   Next: 48%
MP:   17/25         EV: 12    Int: 17    God:
Gold: 335           SH:  4    Dex: 13    Spells: 14/17 levels left

rFire   . . .        p - +0 dagger (venom)
rCold   . . .        (no shield)
rNeg    . . .        t - +0 leather armour
rPois   .            (no helmet)
rElec   .            (no cloak)
rCorr   .            w - +0 pair of gloves
SInv    .            (no boots)
Will    .....        (no amulet)
Stlth   ++           k - +4 ring of slaying
HPRegen 0.28/turn    n - ring of magical power
MPRegen 0.19/turn

%: no passive effects
@: studying Ranged Weapons, heavily drained
A: large bone plates 1, powered by death 2, powered by pain 1, demonic touch 1
a: no special abilities


You were on level 7 of the Dungeon.
You visited 1 branch of the dungeon, and saw 7 of its levels.

You collected 335 gold pieces.

Inventory:

Hand Weapons
 m - a +0 short sword
 p - a +0 dagger of venom (weapon)
Missiles
 o - a throwing net
Armour
 a - a +0 ring mail
 t - a +0 leather armour (worn)
 w - a +0 pair of gloves (worn)
Jewellery
 k - a +4 ring of slaying (left hand)
 n - a ring of magical power (right hand)
 y - an amulet of regeneration
Wands
 v - a wand of flame (12)
Scrolls
 c - a scroll of noise {unknown}
 d - 4 scrolls of identify {unknown}
 f - 2 scrolls of enchant armour {unknown}
 i - 3 scrolls of teleportation {unknown}
 j - 2 scrolls of revelation {unknown}
 u - a scroll of immolation {unknown}
Potions
 b - 2 potions of magic
 e - 4 potions of heal wounds {unknown}
 g - 2 potions of berserk rage {unknown}
 h - a potion of mutation {unknown}
 l - a potion of ambrosia {unknown}
 q - 2 potions of curing {unknown}
 r - a potion of might {unknown}
 s - a potion of attraction {unknown}
 x - 2 potions of haste {unknown}


   Skills:
 * Level 2.9 Fighting
 * Level 2.8 Short Blades
 * Level 2.5 Armour
 * Level 3.5 Dodging
 - Level 2.6 Stealth
 + Level 5.3 Spellcasting
 + Level 2.6 Conjurations
 + Level 5.3 Fire Magic


You had 14 spell levels left.
You knew the following spells:

 Your Spells              Type           Power      Damage    Failure   Level
a - Foxfire               Conj/Fire      72%        2x1d7     3%          1
b - Scorch                Fire           44%        2d6       3%          2

Your spell library contained the following spells:

 Spells                   Type           Power      Damage    Failure   Level
 Momentum Strike          Conj/Tloc      18%        3d8       16%         2
 Inner Flame              Hex/Fire       13%        N/A       19%         3
 Volatile Blastmotes      Fire/Tloc      26%        2d12      19%         3
 Blink                    Tloc           8%         N/A       26%         2
 Jinxbite                 Hex            8%         N/A       26%         2
 Lesser Beckoning         Tloc           8%         N/A       26%         2
 Flame Wave               Conj/Fire      18%        2d7       34%         4
 Irradiate                Conj/Alch      4%         3d13      96%         5
 Yara's Violent Unravell  Hex/Alch       2%         3d3       99%         5
 Starburst                Conj/Fire      9%         6d5       99%         6
 Plasma Beam              Fire/Air       6%         2x1d17    100%        6
 Summon Cactus Giant      Summ           2%         N/A       100%        6
 Enfeeble                 Hex            2%         N/A       100%        7
 Ignition                 Fire           11%        3d5       100%        8


Dungeon Overview and Level Annotations

Branches:
Dungeon (7/15)
 Temple: D:4-7

Altars:
Gozag
Makhleb

Annotations:
D:4 Dowan


Innate Abilities, Weirdness & Mutations

You are partially covered in large bone plates. (SH +4)
You regenerate health from kills.
You sometimes gain a little power by taking damage.
Your touch may inflict minor irresistible damage on your foes.


Message History

The wight's fire resistance burns away.
The white imp gestures at you. The puff of frost misses you.
Casting: Scorch (safe; 3% risk of failure)
Confirm with . or Enter, or press ? or * to list all spells.
You conjure some foxfire!
The wight closely misses you.
An orc comes into view. It is wielding a +0 hand axe.
Unknown command.
The wight is no longer more vulnerable to fire.
The foxfire hits the wight but does no damage.
The wight is heavily damaged.
The foxfire hits the wight.
The wight is severely damaged.
The wight hits you with a +0 great sword!
You feel drained. The wight attacks as it pursues you!
The wight hits you with a +2 flail of freezing.
You feel drained. The wight freezes you.
You hit the wight but do no damage.
The wight is heavily damaged.
Unknown command.
The wight closely misses you. The wight misses you.
The wight attacks as it pursues you!
The wight hits you with a +2 flail of freezing.
The wight freezes you.
The sentinel's mark upon you fades away.
The wight barely misses you. The wight hits you with a +2 war axe!
* * * LOW HITPOINT WARNING * * *
You feel drained.
* * * LOW HITPOINT WARNING * * *
Casting: Foxfire (safe; 3% risk of failure)
Confirm with . or Enter, or press ? or * to list all spells.
Okay, then.
Casting: Foxfire (safe; 3% risk of failure)
Confirm with . or Enter, or press ? or * to list all spells.
Flames lash the wight.
The wight is almost destroyed.
The wight's fire resistance burns away.
The wight misses you.
The wight hits you with a +2 flail of freezing!
You die...

#.# #.# #.# #.#
###.###### #
#......... ####.#
#......#.# #....#
#...##...# #@#
####.#>..... #z#
#........... #z#
#)####.##### #z# #)#
#.# #.# #.# #.# #o#
#)# #.# ##o## ##)##
#.# ##z5.###.#.###.#
#.....#...#.##.#.###


You could see 4 wights, a white imp and 2 orcs.

Vanquished Creatures
  A yak (D:5)
  Sigmund (D:4)
  Duvessa (D:4)
  A water moccasin (D:7)
  A black bear (D:5)
  3 ogres
  2 centaurs
  A bullfrog (D:6)
  A bombardier beetle (D:5)
  A jelly (D:7)
  A gnoll bouda (D:6)
  An orc priest (D:7)
  A hound (D:4)
  An iguana (D:5)
  An orc wizard (D:7)
  6 adders
  7 gnolls
  2 dart slugs
  A ribbon worm (D:5)
  8 orcs
  A ball python (D:4)
  7 endoplasms
  2 giant cockroaches
  4 goblins
  7 hobgoblins
  7 kobolds
  4 quokkas
  A bat (D:2)
  A frilled lizard (D:3)
  5 rats
81 creatures vanquished.

Vanquished Creatures (others)
  181 foxfires
181 creatures vanquished.

Grand Total: 262 creatures vanquished

Notes
Turn   | Place    | Note
-------+----------+-------------------------------------------
     0 | D:1      | lordive the Demonspawn Fire Elementalist began the quest
                  | for the Orb.
     0 | D:1      | Reached XP level 1. HP: 13/13 MP: 3/3
   256 | D:1      | Gained mutation: You regenerate a little health from kills.
                  | [demonic ancestry]
   256 | D:1      | Reached XP level 2. HP: 19/19 MP: 1/5
   530 | D:1      | Learned a level 2 spell: Scorch
  1605 | D:2      | Gained mutation: Your touch may inflict minor irresistible
                  | damage on your foes. [demonic ancestry]
  1605 | D:2      | Reached XP level 3. HP: 24/24 MP: 6/6
  3040 | D:4      | Found an opulent altar of Gozag.
  3059 | D:4      | Noticed Dowan
  3131 | D:4      | Noticed Sigmund
  3166 | D:4      | Killed Sigmund
  3167 | D:4      | Gained mutation: You sometimes gain a little power by
                  | taking damage. [demonic ancestry]
  3167 | D:4      | Reached XP level 4. HP: 12/30 MP: 6/9
  3167 | D:4      | Gained mutation: You regenerate health from kills. [demonic
                  | ancestry]
  3167 | D:4      | Reached XP level 5. HP: 14/35 MP: 6/10
  4059 | D:4      | Reached XP level 6. HP: 40/41 MP: 11/11
  4169 | D:4      | Noticed Duvessa
  4183 | D:4      | Killed Duvessa
  4184 | D:4      | Reached skill level 1 in Short Blades
  4376 | D:5      | Entered Level 5 of the Dungeon
  4811 | D:5      | Reached skill level 1 in Fighting
  4811 | D:5      | Reached skill level 1 in Armour
  4903 | D:5      | Reached XP level 7. HP: 48/48 MP: 10/13
  5040 | D:5      | Noticed a yak
  5062 | D:5      | Killed a yak
  5350 | D:5      | Found a burning altar of Makhleb.
  5408 | D:5      | Reached skill level 5 in Fire Magic
  5639 | D:6      | Gained mutation: You are partially covered in large bone
                  | plates. (SH +4) [demonic ancestry]
  5639 | D:6      | Reached XP level 8. HP: 53/56 MP: 1/15
  5832 | D:6      | Reached skill level 5 in Spellcasting
  5882 | D:6      | You fall into a shaft and drop 1 floor!
  6104 | D:7      | Slain by a wight

Illustrated notes

Levels and vault maps discovered:
D:1:      dpeg_arrival_morbid_curiosity, layout_loops_ring
D:2:      layout_basic, minivault_25
D:3:      layout_loops_ring, minmay_surrounded
D:4:      layout_basic, mainiacjoe_overflow_tiny_flanked, minivault_5,
          grunt_ministairs_14, uniq_duvessa, uniq_sigmund
D:5:      layout_basic, mainiacjoe_overflow_alcove_2, minmay_manual_mail
D:6:      layout_cave_pools, serial_column_ruins, column_ruins_hut_ruined,
          column_ruins_hut, column_ruins_open_tiny, column_ruins_open_small,
          column_ruins_columns_T, column_ruins_grid_1, column_ruins_open_small,
          column_ruins_open_medium, column_ruins_open_small,
          grunt_decor_junction, uniq_edmund, uniq_blork_the_orc
D:7:      layout_loops_ring, minmay_temple_entry_slanted

Skill      XL: |  1  2  3  4  5  6  7  8 |
---------------+-------------------------+-----
Fire Magic     | 3 4 5 |  5.3
Dodging        | 2 3 |  3.5
Stealth        | 2 |  2.6
Spellcasting   | 3 4 5 |  5.3
Conjurations   | 2 |  2.6
Short Blades   | 1 2 |  2.8
Fighting       | 1 2 |  2.9
Armour         | 1 2 |  2.5

Action                     |  1- 3 |  4- 6 |  7- 9 || total
---------------------------+-------+-------+-------++-------
  Melee: Dagger            |       |     5 |     2 ||     7
         Touch             |       |     1 |       ||     1
   Cast: Foxfire           |    49 |    22 |    39 ||   110
         Scorch            |    16 |    18 |    41 ||    75
 Armour: Robe              |    16 |       |       ||    16
         Leather armour    |       |    10 |    23 ||    33
  Dodge: Dodged            |    15 |     5 |    24 ||    44
  Block: Other             |       |       |     1 ||     1
